 Dungeon Crawl Stone Soup version 0.23.2-1-ga50397a6bc (webtiles) character file.

Game seed: 13652366134512629011

71 4FPSwarrior the Slasher (level 4, -2/33 HPs)
             Began as a Demonspawn Gladiator on Apr 26, 2019.
             Slain by a gnoll
             ... wielding a +0 spear
              (5 damage)
             ... on level 2 of the Dungeon on Apr 28, 2019.
             The game lasted 00:04:43 (1808 turns).

4FPSwarrior the Slasher (Demonspawn Gladiator)      Turns: 1808, Time: 00:04:43

Health: -2/33      AC:  4    Str: 15    XL:     4   Next: 5%
Magic:  4/4        EV: 12    Int:  9    God:
Gold:   62         SH:  0    Dex: 15    Spells: 3/3 levels left

rFire    . . .     SeeInvis .   a - +0 long sword
rCold    . . .     Gourm    .   (no shield)
rNeg     . . .     Faith    .   b - +0 leather armour
rPois    .         Spirit   .   c - +0 helmet
rElec    .         Reflect  .   (no cloak)
rCorr    .         Harm     .   (no gloves)
MR       .....                  (no boots)
Stlth    +.........             (no amulet)
HPRegen  0.11/turn              (no ring)
MPRegen  0.09/turn              (no ring)

@: no status effects
A: talons 1
a: no special abilities


You were on level 2 of the Dungeon.
You were not hungry.

You visited 1 branch of the dungeon, and saw 2 of its levels.

You collected 62 gold pieces.

Inventory:

Hand Weapons
 a - a +0 long sword (weapon)
Missiles
 d - 3 throwing nets (quivered)
Armour
 b - a +0 leather armour (worn)
 c - a +0 helmet (worn)
 o - a +1 hat
Scrolls
 e - a scroll of remove curse {unknown}
 i - a scroll of magic mapping {unknown}
 l - a scroll of blinking {unknown}
 n - a scroll of teleportation {unknown}
 p - a scroll of fog {unknown}
 r - 2 scrolls of identify {unknown}
Potions
 g - a potion of haste {unknown}
 h - 2 potions of brilliance {unknown}
 j - a potion of might {unknown}
 k - 3 potions of curing {unknown}
 m - a potion of ambrosia {unknown}
 q - a potion of lignification {unknown}
 t - a potion of degeneration {unknown}
Comestibles
 f - 4 rations


   Skills:
 - Level 2.0 Fighting
 + Level 4.5 Long Blades
 - Level 1.7 Throwing
 - Level 2.6 Dodging


You had 3 spell levels left.
You didn't know any spells.
Your spell library was empty.

Dungeon Overview and Level Annotations

Branches:
Dungeon (2/15)

Altars:


Innate Abilities, Weirdness & Mutations

You have sharp toenails.


Message History

The gnoll is heavily wounded.
The gnoll hits you but does no damage.
You barely miss the gnoll.
The gnoll is heavily wounded.
The gnoll closely misses you. x2
All of the chunks of flesh in your inventory have rotted away.
You closely miss the gnoll. Your kick misses the gnoll.
The gnoll is heavily wounded.
The gnoll hits you but does no damage. The gnoll hits you with a +0 spear.
You hit the gnoll but do no damage.
The gnoll is heavily wounded.
A gnoll comes into view. It is wielding a +0 club.
The gnoll hits you with a +0 whip. The gnoll hits you with a +0 spear.
The gnoll moves out of view.
You hit the gnoll but do no damage.
The gnoll is heavily wounded.
The gnoll hits you with a +0 whip. The gnoll hits you with a +0 spear!
* * * LOW HITPOINT WARNING * * *
The gnoll misses you. The gnoll hits you with a +0 spear.
You die...

.(. .......... ##.. #.........
#... #......... .. #######..#
#......... ............
####......... ...###.....#
#............
......#...#######.#####......
#........)..g...............
#........<.@g.###...#...#...
##.........###.....##..#.....
#......##### ##..###..#.)....
##...##..########..###.........
...##..g............g.###<....
#.#...########....#.g......(.
###.....# ##..?.##).......#...
.......g###.........g......#|#.
##..###...............##...#...


You could see 2 gnolls.

Vanquished Creatures
  A gnoll (D:1)
  An adder (D:2)
  An ooze (D:1)
  3 worms (D:2)
  A dart slug (D:1)
  2 giant cockroaches (D:1)
  5 goblins
  4 hobgoblins
  4 jackals (D:2)
  A kobold (D:2)
  4 bats
  2 frilled lizards
  9 rats
38 creatures vanquished.

Notes
Turn   | Place    | Note
-------+----------+-------------------------------------------
     0 | D:1      | 4FPSwarrior the Demonspawn Gladiator began the quest for
                  | the Orb.
     0 | D:1      | Reached XP level 1. HP: 16/16 MP: 1/1
   108 | D:1      | Reached skill level 3 in Long Blades
   310 | D:1      | Gained mutation: You have sharp toenails. [demonic
                  | ancestry]
   310 | D:1      | Reached XP level 2. HP: 22/22 MP: 2/2
   940 | D:2      | Reached XP level 3. HP: 26/27 MP: 3/3
   975 | D:2      | Reached skill level 4 in Long Blades
  1649 | D:1      | Reached XP level 4. HP: 20/33 MP: 4/4
  1808 | D:2      | Slain by a gnoll

Skill      XL: |  1  2  3 |
---------------+----------+-----
Long Blades    | 3 4 |  4.5
Fighting       | |  2.0
Throwing       | |  1.7
Dodging        | |  2.6

Action                   |  1- 3 |  4- 6 || total
-------------------------+-------+-------++-------
Melee: Long sword        |    94 |     7 ||   101
       Kick              |    27 |     1 ||    28
 Stab: Sleeping          |     1 |       ||     1
  Eat: Chunk             |     2 |     1 ||     3
Armor: Leather armour    |    24 |     1 ||    25
Dodge: Dodged            |    66 |     6 ||    72
       Rpst.: Long sword |    24 |     1 ||    25
